[Event "360 One Wealth GP-4 2024"]
[Site "Mumbai"]
[Date "2024.03.11"]
[Round "1.1"]
[White "Ahaan Kataruka"]
[Black "Kulkarni, Vikramaditya"]
[Result "0-1"]
[ECO "C41"]
[WhiteElo "1427"]
[BlackElo "2192"]
[Annotator "RC"]
[PlyCount "60"]
[EventDate "2024.03.10"]
[EventCountry "IND"]
[SourceTitle "playchess.com"]
[Source "ChessBase"]
[SourceQuality "1"]
[TimeControl "5400+30"]

1. e4 e5 2. Nf3 d6 3. Bc4 Bg4 4. d3 Nd7 5. c3 c6 6. Nbd2 b5 7. Bb3 Nc5 8. Bc2 Ne6 9. Nf1 Nf4 10. Bxf4 exf4 11. h3 Bh5 12. g4 fxg3 13. Nxg3 Nf6 14. Nxh5 Nxh5 15. Nd4 g6 16. Nxc6 Qf6 17. Nd4 Bh6 18. Qf3 Qg5 19. Bb3 Qd2+ 20. Kf1 Nf4 21. Bc2 Ne6 22. Nxe6 fxe6 23. Qf6 Kd7 24. Qf7+ Kc6 25. Bb3 Rhf8 26. Bd5+ exd5 27. Qxd5+ Kc7 28. Rh2 Be3 29. Qxb5 Rxf2+ 30. Rxf2 Qxf2# 0-1

[Event "360 One Wealth GP-4 2024"]
[Site "Mumbai"]
[Date "2024.03.11"]
[Round "1.2"]
[White "Iyer Arvind"]
[Black "Lakshya Agrawal"]
[Result "1-0"]
[ECO "B19"]
[WhiteElo "1897"]
[BlackElo "1418"]
[Annotator "NA RC"]
[PlyCount "103"]
[EventDate "2024.03.10"]
[EventCountry "IND"]
[SourceTitle "playchess.com"]
[Source "ChessBase"]
[SourceQuality "1"]
[TimeControl "5400+30"]

1. e4 c6 2. d4 d5 3. Nc3 dxe4 4. Nxe4 Bf5 5. Ng3 Bg6 6. Nf3 Nd7 7. h4 h6 8. h5 Bh7 9. Bd3 Bxd3 10. Qxd3 Ngf6 11. Bd2 e6 12. O-O-O Qc7 13. Ne4 O-O-O 14. g3 Nxe4 15. Qxe4 Nf6 {[%emt 0:01:08] B19: Classical Caro-Kann: 4...Bf5 main line.} 16. Qd3 Bd6 17. Kb1 Rhe8 18. c4 e5 19. c5 e4 20. Qa3 $1 ({Viel schwächer wäre} 20. cxd6 Qxd6 21. Qc3 exf3 22. Qxf3 Qd5 (22... Qxd4 23. Bxh6 Qe4+ 24. Qxe4 $16) 23. Qxd5 Rxd5 $17) 20... exf3 21. cxd6 Qd7 22. Qxa7 Qf5+ 23. Ka1 Qb5 24. Qc5 $2 (24. Qa3 $14) 24... Ne4 (24... Re2 $17 25. Qxb5 cxb5) 25. Qxb5 cxb5 26. Rc1+ Kd7 27. Rc7+ Kxd6 28. Bf4+ Kd5 29. Be3 Nxg3 30. Rc5+ Ke4 31. Rh4+ Kd3 32. Rc3+ Ke2 33. Rc2+ $1 Kd1 $1 ({Avoid the trap} 33... Kd3 $2 34. Rd2+ Kc4 35. d5+ Ne4 36. Bb6 (36. Rd4+ Kc5 $18) 36... Rxd5 37. b3+ Kc3 38. Rxd5 $18) 34. Kb1 Rc8 $1 35. Rxc8 Rxc8 36. fxg3 f2 37. Rf4 f1=Q 38. Rxf1+ Ke2 39. Rc1 Rxc1+ 40. Bxc1 Kd3 41. d5 Ke4 42. d6 Kf3 43. d7 Kxg3 44. d8=Q Kh3 45. Qd4 b4 46. Bd2 b3 47. Be1 bxa2+ 48. Kxa2 b5 49. Qxg7 Kh2 50. Qg3+ Kh1 51. Bf2 b4 52. Qh3# 1-0

[Event "360 One Wealth GP-4 2024"]
[Site "Mumbai"]
[Date "2024.03.11"]
[Round "1.3"]
[White "Yash Bharat Tandon"]
[Black "Kolumum Raja, Aravind"]
[Result "0-1"]
[ECO "B01"]
[WhiteElo "1409"]
[BlackElo "1896"]
[Annotator "NA RC"]
[PlyCount "28"]
[EventDate "2024.03.10"]
[EventCountry "IND"]
[SourceTitle "playchess.com"]
[Source "ChessBase"]
[SourceQuality "1"]
[TimeControl "5400+30"]

1. e4 d5 2. exd5 Nf6 3. Nf3 Qxd5 4. c4 Qd6 5. d4 c6 6. Nc3 Bg4 7. Be2 Nbd7 8. O-O O-O-O 9. Be3 h6 (9... e6 $142 10. c5 Qc7) 10. a3 e5 11. dxe5 Nxe5 12. Nd4 ({Don't do} 12. Bxa7 $6 Qc7 13. Qb3 Nxf3+ 14. gxf3 Be6 $14) (12. Nxe5 $16 Bxe2 13. Qxd6 (13. Nxe2 Qxe5 14. Qc2 Bc5 $11) (13. Nxf7 Bxd1 14. Rfxd1 Ng4 $16) 13... Bxd6 14. Nxf7 Bxf1 (14... Bxc4 $2 15. Nxh8 Rxh8 16. Rfe1 $18) 15. Kxf1) 12... Bxe2 13. Qxe2 Neg4 14. Rad1 $2 (14. Nf3 $11) 14... Qxh2# 0-1

[Event "360 One Wealth GP-4 2024"]
[Site "Mumbai"]
[Date "2024.03.11"]
[Round "1.5"]
[White "Bhava Kishan"]
[Black "Boricha Yohan"]
[Result "0-1"]
[ECO "E52"]
[WhiteElo "1407"]
[BlackElo "1840"]
[Annotator "NA RC"]
[PlyCount "108"]
[EventDate "2024.03.10"]
[EventCountry "IND"]
[SourceTitle "playchess.com"]
[Source "ChessBase"]
[SourceQuality "1"]
[TimeControl "5400+30"]

1. d4 Nf6 2. c4 e6 3. Nc3 Bb4 4. Bd2 O-O 5. Nf3 b6 6. e3 Bb7 7. Bd3 d5 8. O-O dxc4 9. Bxc4 Nbd7 10. Re1 {[%emt 0:04:27] E52: Nimzo-Indian: Rubinstein: 4...0-0 5 Nf3 d5 6 Bd3 b6.} Qe7 11. a3 Bxc3 12. Bxc3 Ne4 13. Bd3 Nxc3 14. bxc3 e5 15. e4 exd4 16. cxd4 c5 17. d5 Rac8 18. Bc4 Ne5 19. Nxe5 Qxe5 20. Qc2 Rfd8 21. Rad1 Rd6 $2 (21... Rb8 $16) 22. Qd2 g5 23. Re3 Rcd8 24. Rde1 Rg6 25. Rf3 Bc8 26. Qc3 Re8 27. Qxe5 Rxe5 28. Rd3 Rd6 29. Kf1 a6 30. a4 Bd7 31. Bxa6 Bxa4 32. Bc4 b5 33. Ra3 Rb6 34. f3 Bc2 35. Rc1 Bxe4 36. fxe4 bxc4 37. Rxc4 Rb4 38. Ra4 Rxa4 39. Rxa4 f5 40. d6 Kf7 41. Ra7+ Ke8 42. Re7+ $2 (42. Rxh7 $11 Rxe4 43. Rc7) 42... Rxe7 43. dxe7 fxe4 44. Ke2 c4 45. Kd2 Kxe7 46. g4 Kd6 47. h3 Ke5 48. Ke3 c3 49. Ke2 Kd4 50. Kd1 e3 51. Ke2 c2 52. Ke1 c1=Q+ 53. Ke2 Qd2+ 54. Kf1 Qf2# 0-1

[Event "360 One Wealth GP-4 2024"]
[Site "Mumbai"]
[Date "2024.03.12"]
[Round "2.1"]
[White "Kulkarni, Vikramaditya"]
[Black "Reyaansh Venkat"]
[Result "1-0"]
[ECO "B71"]
[WhiteElo "2192"]
[BlackElo "1546"]
[Annotator "RC"]
[PlyCount "109"]
[EventDate "2024.03.10"]
[EventCountry "IND"]
[SourceTitle "playchess.com"]
[Source "ChessBase"]
[SourceQuality "1"]
[TimeControl "5400+30"]

1. e4 c5 2. Be2 Nc6 3. f4 d6 4. Nf3 Nf6 5. Nc3 g6 6. d4 cxd4 7. Nxd4 Bg7 8. Nxc6 bxc6 9. e5 dxe5 10. Qxd8+ Kxd8 11. Bf3 Bb7 12. fxe5 Nd7 13. e6 fxe6 14. Ne4 h6 15. Be3 Kc7 16. O-O-O Rhd8 17. Bg4 c5 18. Rxd7+ Rxd7 19. Nxc5 Bd5 20. Nxd7 Kxd7 21. Rd1 Kc7 22. Rd2 h5 23. Bh3 Rf8 24. g3 Rf3 25. Bf4+ e5 26. Bg5 Bc6 27. Bg2 Rf5 28. Be3 a6 29. c4 Bxg2 30. Rxg2 Rf3 31. Kd2 Kc6 32. Rf2 e4 33. Rxf3 exf3 34. b3 Bf6 35. h4 Kd6 36. Kd3 e5 37. Ke4 g5 38. hxg5 Bxg5 39. Kxf3 Bd8 40. Bf2 a5 41. Ke4 Ke6 42. Be1 Bb6 43. Bc3 Bc7 44. c5 a4 45. b4 Bb8 46. b5 Ba7 47. b6 Bb8 48. Bb4 a3 49. c6 Bd6 50. Bxd6 Kxd6 51. c7 Kd7 52. Kxe5 Kc8 53. Kd6 h4 54. Kc6 hxg3 55. b7# 1-0

[Event "360 One Wealth GP-4 2024"]
[Site "Mumbai"]
[Date "2024.03.12"]
[Round "2.2"]
[White "Agraval, Shravana"]
[Black "Iyer Arvind"]
[Result "0-1"]
[ECO "D02"]
[WhiteElo "1540"]
[BlackElo "1897"]
[Annotator "NA RC"]
[PlyCount "144"]
[EventDate "2024.03.10"]
[EventCountry "IND"]
[SourceTitle "playchess.com"]
[Source "ChessBase"]
[SourceQuality "1"]
[TimeControl "5400+30"]

1. d4 Nf6 2. Bf4 e6 3. Nf3 d5 4. e3 Ne4 5. Nbd2 Nxd2 6. Qxd2 {[%emt 0:00:06] D02: 1 d4 d5 2 Nf3 sidelines, including 2...Nf6 3 g3 and 2...Nf6 3 Bf4.} Bd6 7. Bg3 b6 8. Bd3 Bb7 9. c3 Qe7 10. Qe2 Nd7 11. O-O O-O 12. e4 dxe4 13. Bxe4 Bxe4 14. Qxe4 f5 15. Bxd6 cxd6 16. Qe2 Rae8 17. Rfe1 e5 18. dxe5 dxe5 19. Rad1 e4 20. Nd4 Nc5 21. Qc4+ Kh8 22. b4 Nb7 23. Qd5 Qf7 24. Nb5 h6 ({Vorzuziehen ist} 24... a6 $14 25. Qxf7 Rxf7) 25. Qb3 (25. Qxf7 $16 Rxf7 26. Nxa7) 25... Qg6 26. Rd7 Qc6 27. Qd5 Qxd5 28. Rxd5 a6 29. Rd7 axb5 30. Rxb7 Rb8 31. Rxb8 Rxb8 32. f3 Re8 33. fxe4 fxe4 34. Kf2 Kh7 35. Ke3 Kg6 36. Rd1 Kf5 37. Rd5+ Re5 38. Rd6 h5 39. Rxb6 Rd5 40. Rc6 Rd3+ 41. Ke2 h4 42. Rc8 g5 43. Rc7 Kf4 44. Rf7+ Kg4 45. Rc7 h3 46. g3 Rf3 $11 47. Re7 Rxc3 48. Rxe4+ Kf5 49. Rd4 Ke5 50. Rd3 Rc2+ 51. Rd2 Rc1 52. Kf3 Rc4 53. a3 g4+ 54. Ke3 Rc3+ 55. Rd3 Rc1 56. Rd2 Ra1 57. Rd3 Ra2 58. Rd2 Rxa3+ 59. Rd3 Rxd3+ 60. Kxd3 Kd5 61. Ke3 Kc4 62. Kf4 Kxb4 63. Kxg4 Kc3 64. Kxh3 b4 65. g4 b3 66. g5 b2 67. Kg4 b1=Q 68. h4 Kd4 69. h5 Qe4+ 70. Kh3 Qf3+ 71. Kh4 Qf4+ 72. Kh3 Qxg5 0-1

[Event "360 One Wealth GP-4 2024"]
[Site "Mumbai"]
[Date "2024.03.12"]
[Round "2.3"]
[White "Kolumum Raja, Aravind"]
[Black "Muthe Dhruv"]
[Result "0-1"]
[ECO "E90"]
[WhiteElo "1896"]
[BlackElo "1539"]
[Annotator "NA RC"]
[PlyCount "70"]
[EventDate "2024.03.10"]
[EventCountry "IND"]
[SourceTitle "playchess.com"]
[Source "ChessBase"]
[SourceQuality "1"]
[TimeControl "5400+30"]

1. d4 Nf6 2. c4 g6 3. Nc3 Bg7 4. e4 d6 5. h3 O-O 6. Nf3 Na6 7. Be3 e5 8. d5 b6 {[%emt 0:03:43] E90: Königsindisch (Klassisches System).} 9. a3 Nc5 10. Qc2 a5 (10... Nh5 $5) 11. a4 (11. g4 $1 $14) 11... Nfd7 12. g4 (12. h4 $11) 12... Na6 13. Na2 (13. O-O-O $15) 13... Ndc5 14. Bd2 (14. Nd2 $17) 14... f5 15. gxf5 gxf5 16. Bg5 Qe8 17. Nd2 fxe4 ({Bloß nicht} 17... Qxa4 18. Qxa4 Nxa4 19. b3 $19) 18. Be3 Bf5 ({Jedoch nicht} 18... Qxa4 19. Qxa4 Nxa4 20. O-O-O $19) 19. Rg1 Kh8 ({Don't do} 19... Nxa4 20. Bg2 N4c5 (20... N6c5 $2 21. Kf1 $17) 21. Bxe4 Nxe4 (21... Bxh3 $2 {is the wrong capture.} 22. Bxh7+ Kh8 23. Bg6 $18) 22. Nxe4 $19) 20. O-O-O Qxa4 21. b3 $2 (21. Qxa4 Nxa4 22. Rg5) 21... Qa3+ 22. Qb2 Qxb2+ 23. Kxb2 Nd3+ 24. Kc3 Nab4 25. Nc1 $2 (25. Bxd3 Nxd3 (25... Nxa2+ $2 26. Kb2 $17) 26. Kc2) 25... Nxc1 26. Rxc1 Na2+ 27. Kb2 Nxc1 28. Kxc1 a4 29. b4 a3 30. Bg2 Ra4 31. b5 a2 32. Kb2 Bf6 33. Bxe4 Bxe4 34. Nxe4 Bg7 35. Ng5 e4+ $19 0-1

[Event "360 One Wealth GP-4 2024"]
[Site "Mumbai"]
[Date "2024.03.12"]
[Round "2.4"]
[White "Arnav Mahesh Koli"]
[Black "Vihaan Ravi Rao"]
[Result "1-0"]
[ECO "B84"]
[WhiteElo "1857"]
[BlackElo "1532"]
[Annotator "NA RC"]
[PlyCount "109"]
[EventDate "2024.03.10"]
[EventCountry "IND"]
[SourceTitle "playchess.com"]
[Source "ChessBase"]
[SourceQuality "1"]
[TimeControl "5400+30"]

1. e4 c5 2. Nf3 d6 3. d4 cxd4 4. Nxd4 Nf6 5. Nc3 a6 6. Bc4 e6 7. O-O b5 8. Bd3 Bb7 9. f3 Be7 10. Be3 O-O 11. Nce2 {[%emt 0:00:40] B84: Sicilian Scheveningen: 6 Be2 a6, lines without early Be3.} Nbd7 12. g4 ({White should play} 12. a4 $15) 12... Nc5 13. Ng3 Nxd3 14. cxd3 Rc8 15. f4 Qd7 (15... b4 $11) 16. g5 Ne8 17. f5 d5 (17... e5 $14 18. f6 gxf6) 18. e5 Bc5 19. f6 (19. Qg4 $16) 19... Bxd4 20. Bxd4 Qc6 21. Rc1 ({Vorzuziehen ist} 21. Rf2 $18) 21... Qxc1 22. Qxc1 Rxc1 23. Rxc1 Kh8 {[%emt 0:00:21] [#]} 24. h4 $1 h6 $2 (24... Rg8 25. fxg7+ Kxg7) 25. Kf2 $2 (25. Bc5 hxg5 26. Bxf8 gxf6 27. hxg5 fxe5 28. Bb4) 25... Rg8 26. Be3 gxf6 27. exf6 (27. gxf6 $142 Rg4 28. Bxh6) 27... hxg5 28. hxg5 Rg6 (28... d4 $16 {keeps fighting.} 29. Bf4 (29. Bxd4 Rxg5 30. Ne4 Bxe4 $11) 29... Kh7) 29. Bf4 e5 30. Bxe5 Rxg5 31. Rh1+ Kg8 32. d4 Bc8 {[%emt 0:02:26] [#]} 33. Nh5 $1 Rg6 34. Nf4 Be6 35. Nxg6 fxg6 36. Rh8+ Kf7 37. Rh7+ Kf8 38. Ra7 Bf7 39. Rxa6 g5 40. Rb6 g4 41. Rxb5 Be6 $18 42. Rb6 Bf7 43. a4 Bh5 44. a5 g3+ 45. Kxg3 Bf7 46. a6 Bh5 47. a7 Bf7 48. a8=Q Bh5 49. Qd8 Bf7 50. Qe7+ Kg8 51. Rb8 Kh8 52. Rxe8+ Kh7 53. Qxf7+ Kh6 54. Rh8+ Kg5 55. Qh5# 1-0

[Event "360 One Wealth GP-4 2024"]
[Site "Mumbai"]
[Date "2024.03.12"]
[Round "2.5"]
[White "Boricha Yohan"]
[Black "Tvesha Ashish Jain"]
[Result "1-0"]
[ECO "C54"]
[WhiteElo "1840"]
[BlackElo "1522"]
[Annotator "NA RC"]
[PlyCount "87"]
[EventDate "2024.03.10"]
[EventCountry "IND"]
[SourceTitle "playchess.com"]
[Source "ChessBase"]
[SourceQuality "1"]
[TimeControl "5400+30"]

1. e4 e5 2. Nf3 Nc6 3. Bc4 Bc5 4. c3 Nf6 5. d3 d6 6. a4 {[%emt 0:00:21] C54: Giuoco Piano: 4 c3 Nf6, main lines with 5 d4 and 5 d3.} a5 7. Nbd2 Ne7 8. h3 h6 9. Nf1 Ng6 10. Ng3 O-O 11. O-O Be6 12. Bxe6 fxe6 13. d4 exd4 14. cxd4 Bb6 15. Qd3 Qe8 16. Be3 Rd8 17. Rfe1 e5 (17... d5 $11) 18. dxe5 dxe5 19. Qb3+ Kh8 20. Bxb6 cxb6 21. Qxb6 Nd7 22. Qxa5 Qe6 23. Rad1 b6 24. Qd5 Qe8 25. Qb5 Qe6 26. Nf5 Nf6 27. Nd2 Nf4 28. f3 N6h5 29. Kh2 Qg6 30. g4 Nf6 31. Nc4 h5 $2 (31... Qf7 32. Rxd8 (32. Nxe5 Qc7 $18) (32. Qxe5 Rxd1 33. Rxd1 Qxc4 $17) 32... Rxd8 33. Qxb6 (33. Nxe5 Qc7 $18) 33... Qd7) 32. Nxe5 Qh7 33. g5 Ng4+ 34. fxg4 hxg4 35. h4 Rc8 36. Kg3 (36. Nxg4 $2 {is the wrong capture.} Rxf5 37. Kg3 (37. exf5 $2 {leads to mate.} Qxh4+ 38. Kg1 Qg3+ 39. Kh1 Qg2#) 37... Nh5+ 38. Kg2 Rxb5 39. axb5 $19 Qg6 $19) 36... Rc5 37. Nf7+ Kg8 38. Qb3 g6 39. Ne5+ Kh8 40. Rd7 $18 Nh5+ 41. Kh2 Rxe5 42. Rxh7+ Kxh7 43. Qxb6 Rf7 44. Qd6 1-0

[Event "360 One Wealth GP-4 2024"]
[Site "Mumbai"]
[Date "2024.03.12"]
[Round "2.6"]
[White "Pasbola Samvid"]
[Black "Mishra Sanjeev"]
[Result "0-1"]
[ECO "C92"]
[WhiteElo "1538"]
[BlackElo "1833"]
[Annotator "NA RC"]
[PlyCount "50"]
[EventDate "2024.03.10"]
[EventCountry "IND"]
[SourceTitle "playchess.com"]
[Source "ChessBase"]
[SourceQuality "1"]
[TimeControl "5400+30"]

1. e4 e5 2. Nf3 Nc6 3. Bb5 a6 4. Ba4 Nf6 5. O-O Be7 6. d3 b5 7. Bb3 O-O 8. c3 d6 9. h3 Bb7 10. Re1 Na5 11. Bc2 c5 12. Nbd2 Re8 13. Nf1 Bf8 14. Ng3 d5 {[%emt 0:01:00] C92: Closed Ruy Lopez: 9...Be6, Karpov and Flohr-Zaitsev Variations.} 15. Bg5 h6 16. Bxf6 Qxf6 17. Qe2 dxe4 18. Nxe4 Qe7 19. d4 cxd4 20. cxd4 exd4 21. Nxd4 Qe5 (21... g6 $17 22. Rad1 Bg7) 22. Qd3 {[%emt 0:13:03] [#]} g6 $1 23. Nc3 $19 (23. Ng3 $17 Qf6 (23... Qxe1+ 24. Rxe1 Rxe1+ 25. Kh2 $15) 24. Ne4) 23... Qxe1+ 24. Rxe1 Rxe1+ 25. Kh2 Bd6+ 0-1

[Event "360 One Wealth GP-4 2024"]
[Site "Mumbai"]
[Date "2024.03.12"]
[Round "2.7"]
[White "Ram Vishal Parab"]
[Black "Parv H Hakani"]
[Result "1-0"]
[ECO "B12"]
[WhiteElo "1807"]
[BlackElo "1518"]
[Annotator "NA RC"]
[PlyCount "99"]
[EventDate "2024.03.10"]
[EventCountry "IND"]
[SourceTitle "playchess.com"]
[Source "ChessBase"]
[SourceQuality "1"]
[TimeControl "5400+30"]

1. e4 c6 2. d4 d5 3. e5 c5 4. Nf3 cxd4 5. Nxd4 Nc6 6. Nxc6 {[%emt 0:00:06] B12: Caro-Kann: Advance Variation.} bxc6 7. Bd3 e6 8. O-O Ne7 9. Nd2 Ng6 10. Nf3 Bc5 11. Qe2 O-O 12. Ng5 Be7 13. h4 Bxg5 14. Bxg5 Qc7 15. Rae1 h6 16. Bd2 (16. Bc1 $1 $14) 16... Nxh4 17. f4 c5 18. Qh5 Nf5 19. Kh2 c4 20. Bxf5 exf5 21. Re3 Qb6 22. Rh3 Qg6 23. Qh4 f6 24. Rg3 Qf7 25. Bb4 Kh7 26. Bxf8 Qxf8 27. exf6 gxf6 28. Qh5 Bd7 29. Qg6+ Kh8 30. Rh3 Qg7 31. Rxh6+ Kg8 32. Qh5 Be8 33. Qh4 Bg6 34. Rf3 Kf7 35. Rg3 Rb8 36. Rgxg6 Qxg6 37. Rxg6 Kxg6 38. Qg3+ Kf7 39. Qa3 Rb7 40. Qd6 Rxb2 41. Qxd5+ Kg7 42. Qxc4 Rb7 43. Qd5 Rb2 44. Qxf5 Rxa2 45. Qg4+ Kh6 46. f5 Kh7 47. Qg6+ Kh8 48. Qxf6+ Kg8 49. Qe6+ Kf8 50. f6 1-0

[Event "360 One Wealth GP-4 2024"]
[Site "Mumbai"]
[Date "2024.03.12"]
[Round "2.8"]
[White "Gogri Vedaant"]
[Black "Guru Prakash"]
[Result "0-1"]
[ECO "A15"]
[WhiteElo "1531"]
[BlackElo "1794"]
[Annotator "NA RC"]
[PlyCount "84"]
[EventDate "2024.03.10"]
[EventCountry "IND"]
[SourceTitle "playchess.com"]
[Source "ChessBase"]
[SourceQuality "1"]
[TimeControl "5400+30"]

1. c4 Nf6 2. b3 g6 3. g3 Bg7 4. Bb2 O-O 5. Bg2 e6 6. Nf3 d5 7. cxd5 exd5 8. O-O c5 9. d4 cxd4 10. Nxd4 Nc6 11. Na3 Re8 12. Rc1 Bg4 13. Re1 Qd7 14. Nxc6 bxc6 15. f3 Bf5 16. Bd4 a5 17. Qd2 Qd6 18. Bc5 Qb8 19. Qc3 Ne4 20. Qc2 Nxc5 21. Qxc5 Bf8 22. Qxc6 Bxa3 23. Rcd1 Bb4 24. Rf1 Qa7+ 25. Kh1 Qd7 26. Qxd7 Bxd7 27. e4 Bb5 28. Rf2 d4 29. Bf1 Bxf1 30. Rdxf1 a4 31. Rd1 axb3 32. axb3 Ra3 33. Rd3 Bc3 34. Rf1 Rxb3 35. Rfd1 Rb2 36. Kg1 Ra8 37. h4 Raa2 38. f4 Bd2 39. e5 Be3+ 40. Kf1 Rf2+ 41. Kg1 Rh2+ 42. Kf1 Rh1# 0-1

[Event "360 One Wealth GP-4 2024"]
[Site "Mumbai"]
[Date "2024.03.12"]
[Round "2.9"]
[White "Kapadi Yash"]
[Black "Prabhakar Aariv"]
[Result "1-0"]
[ECO "A48"]
[WhiteElo "1779"]
[BlackElo "1509"]
[Annotator "NA RC"]
[PlyCount "73"]
[EventDate "2024.03.10"]
[EventCountry "IND"]
[SourceTitle "playchess.com"]
[Source "ChessBase"]
[SourceQuality "1"]
[TimeControl "5400+30"]

1. d4 Nf6 2. Nf3 g6 3. Bg5 Bg7 4. Nbd2 d6 5. e4 Nc6 6. d5 Nb8 7. h3 O-O 8. Bd3 e6 9. c4 exd5 10. cxd5 Nbd7 11. O-O Nc5 12. Bc2 a5 13. Nb3 Nxb3 14. axb3 Re8 15. Qd2 b6 16. Rfe1 Bb7 17. Qf4 h6 18. Bxh6 Nh5 19. Qc1 Qf6 20. Rb1 Bxh6 21. Qxh6 Bc8 22. Qg5 Qxg5 23. Nxg5 Kg7 24. Rbc1 Ba6 25. Bd1 Re7 26. Bxh5 gxh5 27. Re3 Kf6 28. h4 Bb5 29. Rf3+ Kg6 30. Rg3 Kf6 31. f4 Rh8 32. Re1 Be8 33. Kf2 Bd7 34. e5+ dxe5 35. Ne4+ Kf5 36. Rg5+ Kxf4 37. g3# 1-0

[Event "360 One Wealth GP-4 2024"]
[Site "Mumbai"]
[Date "2024.03.12"]
[Round "2.10"]
[White "Palaash Suyog Mapara"]
[Black "Shah Mihir"]
[Result "0-1"]
[ECO "B13"]
[WhiteElo "1521"]
[BlackElo "1764"]
[Annotator "NA RC"]
[PlyCount "80"]
[EventDate "2024.03.10"]
[EventCountry "IND"]
[SourceTitle "playchess.com"]
[Source "ChessBase"]
[SourceQuality "1"]
[TimeControl "5400+30"]

1. e4 c6 2. d4 d5 3. exd5 cxd5 4. Bd3 Nc6 5. c3 Qc7 6. h3 e6 7. Nf3 Bd6 8. Be3 Nge7 9. O-O h6 10. a3 O-O 11. Re1 Bd7 12. b4 Rae8 13. Qe2 f6 14. Ra2 e5 15. dxe5 fxe5 16. Bc2 Nf5 17. Bxf5 Bxf5 18. Qd1 Be6 19. Rc2 b6 20. Nbd2 Qf7 21. Rc1 Kh8 22. Rf1 Bb8 23. Qe2 Qc7 24. Nh2 d4 25. cxd4 exd4 26. f4 dxe3 27. Ndf3 Qb7 28. Rfe1 Bxf4 29. Rc3 Ne5 30. Kh1 Nxf3 31. Nxf3 Bd5 32. Rg1 Qe7 33. Re1 Qf6 34. Rc2 Qg6 35. Nh4 Qg3 36. Nf3 Bxf3 37. gxf3 Qxh3+ 38. Kg1 Rf5 39. Qg2 Rg5 40. Qxg5 Bxg5 0-1

[Event "360 One Wealth GP-4 2024"]
[Site "Mumbai"]
[Date "2024.03.12"]
[Round "2.11"]
[White "Isaiah Chris Nazareth"]
[Black "Sathiesh Kumaar L"]
[Result "1/2-1/2"]
[ECO "B13"]
[WhiteElo "1698"]
[BlackElo "1497"]
[Annotator "NA RC"]
[PlyCount "107"]
[EventDate "2024.03.10"]
[EventCountry "IND"]
[SourceTitle "playchess.com"]
[Source "ChessBase"]
[SourceQuality "1"]
[TimeControl "5400+30"]

1. e4 c6 2. c4 d5 3. cxd5 cxd5 4. exd5 Nf6 5. Nc3 Nxd5 6. Nf3 Nc6 7. d4 Bg4 8. Bc4 e6 9. Nxd5 exd5 10. Be2 Bxf3 11. Bxf3 Bb4+ 12. Kf1 O-O 13. g3 Re8 14. Kg2 Qf6 15. Be3 Rad8 16. Qd3 Ba5 17. a3 Bb6 18. Rad1 Ne7 19. Rhe1 Rc8 20. h4 h6 21. Qb3 Red8 22. Bf4 Ng6 23. Be5 Nxe5 24. dxe5 Qf5 25. Rxd5 Rxd5 26. Qxd5 Rc2 27. Rf1 Rxb2 28. Qxb7 Qxe5 29. Qc8+ Kh7 30. Qc4 f5 31. Bd5 Bc7 32. Kg1 Rd2 33. Bf3 Bb6 34. Kg2 Qb2 35. Qf4 Rxf2+ 36. Rxf2 Qxf2+ 37. Kh3 Qf1+ 38. Bg2 Qxf4 39. gxf4 Bf2 40. h5 g6 41. hxg6+ Kxg6 42. Bf3 h5 43. a4 h4 44. Be2 Kf6 45. Bc4 Bg3 46. Bd5 Bxf4 47. Kxh4 Ke5 48. Bc6 Be3 49. Kg3 f4+ 50. Kf3 Kd6 51. Be8 a6 52. Bg6 Kc5 53. Bd3 a5 54. Bb5 1/2-1/2

[Event "360 One Wealth GP-4 2024"]
[Site "Mumbai"]
[Date "2024.03.12"]
[Round "2.12"]
[White "Aabha Milind Gavkar"]
[Black "Soni Atharv"]
[Result "0-1"]
[ECO "C02"]
[WhiteElo "1513"]
[BlackElo "1684"]
[Annotator "NA RC"]
[PlyCount "52"]
[EventDate "2024.03.10"]
[EventCountry "IND"]
[SourceTitle "playchess.com"]
[Source "ChessBase"]
[SourceQuality "1"]
[TimeControl "5400+30"]

1. e4 e6 2. d4 d5 3. e5 c5 4. c3 Nc6 5. Nf3 Qb6 6. a3 c4 7. Nbd2 Na5 8. b3 cxb3 9. Rb1 Bd7 10. Nxb3 Ba4 11. Nfd2 Rc8 12. Qc2 Qc7 13. Bb2 Nc4 14. Bc1 Ne7 15. Bd3 Nc6 16. Qa2 b5 17. O-O Be7 18. f4 O-O 19. Rf3 f5 20. Nf1 N6a5 21. Nfd2 Nxd2 22. Nxd2 Qxc3 23. Bxb5 Qxd4+ 24. Kh1 Bxb5 25. a4 Bd3 26. Bb2 Bxb1 0-1

[Event "360 One Wealth GP-4 2024"]
[Site "Mumbai"]
[Date "2024.03.12"]
[Round "2.13"]
[White "Soni Deepak R"]
[Black "Shravan Balram"]
[Result "1-0"]
[ECO "D00"]
[WhiteElo "1681"]
[BlackElo "1488"]
[Annotator "NA RC"]
[PlyCount "41"]
[EventDate "2024.03.10"]
[EventCountry "IND"]
[SourceTitle "playchess.com"]
[Source "ChessBase"]
[SourceQuality "1"]
[TimeControl "5400+30"]

1. d4 Nf6 2. Bf4 e6 3. e3 d5 4. Nd2 c5 5. c3 Qb6 6. Rb1 h6 7. Ngf3 c4 8. Ne5 Bd6 9. Nexc4 dxc4 10. Nxc4 Qc6 11. Nxd6+ Ke7 12. Qb3 Ne4 13. Bb5 Nd2 14. Kxd2 Qxg2 15. Bg3 Nc6 16. Qa3 Kf6 17. Qc5 a6 18. Be5+ Nxe5 19. dxe5+ Ke7 20. Qc7+ Kf8 21. Qxf7# 1-0

[Event "360 One Wealth GP-4 2024"]
[Site "Mumbai"]
[Date "2024.03.12"]
[Round "2.14"]
[White "Nova Ayer Juyal"]
[Black "Butala Krish"]
[Result "0-1"]
[ECO "C55"]
[WhiteElo "1486"]
[BlackElo "1659"]
[Annotator "NA RC"]
[PlyCount "68"]
[EventDate "2024.03.10"]
[EventCountry "IND"]
[SourceTitle "playchess.com"]
[Source "ChessBase"]
[SourceQuality "1"]
[TimeControl "5400+30"]

1. e4 e5 2. Nf3 Nc6 3. Bc4 Nf6 4. O-O Be7 5. Re1 d6 6. h3 Be6 7. Bb3 Qd7 8. d4 exd4 9. Ba4 a6 10. Bxc6 Qxc6 11. Nxd4 Qb6 12. b3 c5 13. Nf3 O-O-O 14. Nc3 d5 15. Qe2 dxe4 16. Nxe4 Nxe4 17. Qxe4 Bf6 18. Ne5 Rd4 19. Qe2 Rhd8 20. Bb2 Rd2 21. Nc4 Bxc4 22. Qxc4 Bxb2 23. Qg4+ Kb8 24. Rad1 Qf6 25. Rxd2 Rxd2 26. Re8+ Rd8 27. Rxd8+ Qxd8 28. Qf4+ Qc7 29. Qe4 g6 30. Qe8+ Ka7 31. Qe1 Qe5 32. Qb1 Bc3 33. Kf1 Qh2 34. Ke2 Qxg2 0-1

[Event "360 One Wealth GP-4 2024"]
[Site "Mumbai"]
[Date "2024.03.12"]
[Round "2.15"]
[White "Pawar Sohum"]
[Black "Sriharsh Shibu Nair"]
[Result "1-0"]
[ECO "B99"]
[WhiteElo "1657"]
[BlackElo "1455"]
[Annotator "NA RC"]
[PlyCount "69"]
[EventDate "2024.03.10"]
[EventCountry "IND"]
[SourceTitle "playchess.com"]
[Source "ChessBase"]
[SourceQuality "1"]
[TimeControl "5400+30"]

1. e4 c5 2. Nf3 d6 3. d4 cxd4 4. Nxd4 Nf6 5. Nc3 a6 6. Bg5 Nbd7 7. f4 h6 8. Bh4 e6 9. Qf3 Be7 10. O-O-O Qc7 11. Bd3 Rb8 12. f5 e5 13. Nde2 b5 14. g4 b4 15. Bxf6 bxc3 16. Bxg7 cxb2+ 17. Kb1 Rh7 18. f6 Bf8 19. Bxf8 Nxf8 20. Nc3 Be6 21. h4 Ng6 22. Nd5 Qa5 23. Qe3 Rb7 24. h5 Nf4 25. c4 Bxd5 26. exd5 Rh8 27. Rhf1 Qc3 28. Rxf4 Kd8 29. Rf2 Kc7 30. Rc2 Qa3 31. c5 Rhb8 32. cxd6+ Kd8 33. Qxh6 Qxd6 34. Qh8+ Kd7 35. Bf5+ 1-0